 Dungeon Crawl Stone Soup version 0.25.0-33-gff14898491 (console) character file.

Game seed: 9948835252961385243

6774 Kagalorn the Covert (level 11, 0/73 (75) HPs)
             Began as an Octopode Ice Elementalist on July 6, 2020.
             Was an Initiate of Gozag.
             Killed from afar by Erolcha (25 damage)
             ... with a stone arrow
             ... on level 9 of the Dungeon.
             The game lasted 00:26:17 (13164 turns).

Kagalorn the Covert (Octopode Ice Elementalist)    Turns: 13164, Time: 00:26:21

HP:   0/73 (75)     AC:  1    Str:  7    XL:     11   Next: 4%
MP:   21/23         EV: 21    Int: 21    God:    Gozag
Gold: 1873          SH:  0    Dex: 13    Spells: 23/26 levels left

rFire    . . .     SeeInvis .   b - +0 dagger (venom)
rCold    . . .     Gourm    .   (no shield)
rNeg     . . .     Faith    .   (helmet restricted)
rPois    +         Spirit   .   N - amulet of regeneration
rElec    .         Reflect  .   G - ring of poison resistance
rCorr    .         Harm     .   y - +4 ring of evasion
MR       .....                  (no ring)
Stlth    +++++.....             (no ring)
HPRegen  0.62/turn              (no ring)
MPRegen  0.18/turn              (no ring)
                                (no ring)
                                (no ring)

@: about to teleport, gold aura, frozen ramparts
A: almost no armour, stealthy swim, amphibious, 8 rings, constrict 8, camouflage
1, gelatinous body 1
a: Potion Petition, Call Merchant, Bribe Branch, Renounce Religion


You were on level 9 of the Dungeon.
You worshipped Gozag.
Gozag was most pleased with you.
You were not hungry.

You visited 2 branches of the dungeon, and saw 10 of its levels.
You also visited: Sewer.

You collected 1884 gold pieces.
You paid 11 gold pieces to Gozag.

Inventory:

Hand Weapons
 a - a +0 vorpal hand axe
 b - a +0 dagger of venom (weapon)
 I - a +0 fustibalus
Missiles
 g - 317 stones
 n - a throwing net
 p - 102 bolts
 t - 7 boomerangs
 w - 61 sling bullets
 x - 2 boomerangs of dispersal
 E - 25 poisoned darts (quivered)
Jewellery
 y - a +4 ring of evasion (right tentacle)
 G - a ring of poison resistance (left tentacle)
 N - an amulet of regeneration (around mantle)
Wands
 z - a wand of flame (8)
 J - a wand of enslavement (13)
 M - a wand of clouds (4)
Scrolls
 d - 6 scrolls of enchant armour
 f - 3 scrolls of remove curse
 h - 6 scrolls of teleportation
 l - a scroll of enchant weapon {unknown}
 o - a scroll of amnesia
 q - a scroll of immolation {unknown}
 r - a scroll of fear {unknown}
 s - 4 scrolls of fog
 A - 2 scrolls of magic mapping {unknown}
 C - a scroll of torment {unknown}
 H - 2 scrolls of noise {unknown}
 L - a scroll of random uselessness {unknown}
Potions
 c - a potion of resistance
 e - 2 potions of heal wounds
 i - 2 potions of brilliance
 j - 2 potions of magic
 k - a potion of haste
 m - 3 potions of lignification
 u - 4 potions of mutation
 v - 2 potions of cancellation
 B - 3 potions of curing
 K - a potion of berserk rage {unknown}
Miscellaneous
 F - a phantom mirror
Comestibles
 D - 3 rations


   Skills:
 + Level 7.4 Fighting
 + Level 7.7 Dodging
 - Level 10.0 Stealth
 - Level 8.0 Spellcasting
 - Level 8.0 Ice Magic


You had 23 spell levels left.
You knew the following spells:

 Your Spells              Type           Power        Failure   Level  Hunger
b - Frozen Ramparts       Ice            #####.       1%          3    None

Your spell library contained the following spells:

 Spells                   Type           Power        Failure   Level  Hunger
 Freeze                   Ice            ####         1%          1    None
 Ozocubu's Armour         Chrm/Ice       ####....     4%          3    None
 Animate Skeleton         Necr           N/A          8%          1    None
 Apportation              Tloc           #.....       8%          1    None
 Corona                   Hex            #......      8%          1    None
 Summon Small Mammal      Summ           #...         8%          1    None
 Hailstorm                Conj/Ice       ####....     16%         4    ###....
 Summon Ice Beast         Ice/Summ       ####....     16%         4    ###....


Dungeon Overview and Level Annotations

Branches:
Dungeon (9/15)             Temple (1/1) D:5            Lair (0/6) D:9
  Sewer (visited)
    Orc: D:9-12

Altars:
Ashenzari
Cheibriados
Dithmenos
Elyvilon
Fedhas
Gozag
Hepliaklqana
Kikubaaqudgha
Makhleb
Nemelex Xobeh
Okawaru
Qazlal
Ru
Sif Muna
Trog
Uskayaw
Vehumet
Wu Jian
Xom
Yredelemnul
Zin
The Shining One

Annotations:
D:4 exclusion: two-headed ogre
D:5 2 transporters, SpaceButler's ghost, novice TeSu
D:8 exclusion: 2 oklob plants
D:9 Erolcha


Innate Abilities, Weirdness & Mutations

You cannot wear most types of armour.
You are very stealthy in the water. (Stealth+)
You are amphibious.
You can wear up to eight rings at the same time.
You can use your tentacles to constrict eight enemies at once.
Your skin changes colour to match your surroundings (Stealth+).
Your rubbery body absorbs attacks. (AC +1, EV +1)


Message History

The wall freezes the wolf.
The wolf misses you. The hound completely misses you.
The wall freezes the wolf. x2; The wolf bites you.
The hound looks more healthy.
The wall freezes the wolf.
The wall freezes the wolf.
The wall freezes the hound.
The wall freezes the wolf.
The wall freezes the hound.
The wall freezes the wolf.
The wolf stops to sniff the ground.
The wolf bites you!
The wall freezes the hound.
You kill the hound!
As you read the scroll of teleportation, it crumbles to dust.
You feel strangely unstable.
The wall freezes the wolf.
You kill the wolf!
The helpless Erolcha fails to defend herself.
You impale Erolcha!!
Erolcha looks as sick as possible!
Erolcha is heavily wounded.
Erolcha casts a spell at you. The stone arrow hits you!!
You die...
Your body crumbles into a pile of gold.

#<.# #..# ...#
#### #..# #..#
#..# #..# #..#
≈#####O.# ....≈≈≈
≈≈......@#
....≈≈≈≈≈≈.......#
....≈≈≈≈≈≈≈......#
....≈≈≈≈≈≈≈.....$#
....≈≈≈≈≈≈≈.....$#
....≈≈≈≈≈≈≈......#
....≈≈≈≈≈≈≈......#
....≈####≈≈......#
....≈#..#≈≈......#


You could see Erolcha (extremely poisoned).

Vanquished Creatures
  2 deep trolls (D:9)
  8 trolls (D:9)
  3 yaks (D:9)
  A water moccasin (D:3)
  5 orc warriors
  An ice beast (D:2)
  A sky beast (D:6)
  2 necrophages
  A phantom (D:9)
  4 ogres
  A wolf (D:9)
  3 centaurs
  A crocodile (Sewer)
  2 bullfrogs
  A wyvern zombie (D:9)
  2 scorpions
  4 killer bees (D:8)
  A water moccasin skeleton (D:5)
  2 electric eels (D:9)
  A howler monkey (D:6)
  3 crimson imps
  A centaur zombie (D:6)
  2 bullfrog zombies (D:6)
  A quasit (D:8)
  A hound (D:9)
  A jelly (D:8)
  10 orc priests
  A bullfrog skeleton (D:5)
  An iguana (D:7)
  Terence (D:2)
  8 orc wizards
  6 worker ants
  A hound skeleton (D:5)
  A worker ant zombie (D:6)
  4 gnolls
  8 adders
  A river rat (D:5)
  A shadow imp (D:5)
  An ooze (D:7)
  2 adder skeletons
  2 dart slugs
  3 leopard geckos
  29 orcs
  A ball python (D:3)
  9 giant cockroaches
  4 goblins
  8 hobgoblins
  12 jackals
  9 quokkas
  A ball python skeleton (D:4)
  10 bats
  3 frilled lizards
  A jackal skeleton (D:4)
  8 kobolds
  A quokka skeleton (D:5)
  3 quokka zombies
  12 rats
217 creatures vanquished.

Notes
Turn   | Place    | Note
-------+----------+-------------------------------------------
     0 | D:1      | Kagalorn the Octopode Ice Elementalist began the quest for
                  | the Orb.
     0 | D:1      | Reached XP level 1. HP: 11/11 MP: 3/3
   334 | D:1      | Reached XP level 2. HP: 15/17 MP: 1/5
   855 | D:1      | Reached XP level 3. HP: 17/21 MP: 4/6
  1498 | D:2      | Found an opulent altar of Gozag.
  1504 | D:2      | Became a worshipper of Gozag Ym Sagoz the Greedy
  1658 | D:2      | Learned a level 3 spell: Frozen Ramparts
  1795 | D:2      | Found a faded altar of an unknown god.
  1795 | D:2      | Found a snail-covered altar of Cheibriados.
  1801 | D:2      | Found a basalt altar of Yredelemnul.
  1803 | D:2      | Found a radiant altar of Vehumet.
  1805 | D:2      | Found a faded altar of an unknown god.
  1846 | D:2      | Found a burning altar of Makhleb.
  1863 | D:2      | Noticed Terence
  2286 | D:2      | Reached skill level 5 in Ice Magic
  2286 | D:2      | Reached XP level 4. HP: 26/27 MP: 4/8
  2537 | D:2      | Noticed an ice beast
  2598 | D:2      | Found a shadowy altar of Dithmenos.
  2931 | D:3      | Found a stormy altar of Qazlal.
  3182 | D:3      | Noticed a water moccasin
  3188 | D:3      | Killed a water moccasin
  3188 | D:3      | Reached XP level 5. HP: 25/31 MP: 5/10
  3993 | D:4      | Noticed a two-headed ogre
  4071 | D:4      | Reached XP level 6. HP: 30/36 MP: 7/12
  5567 | D:2      | Found a burning altar of Makhleb.
  5983 | D:2      | Killed an ice beast
  5983 | D:2      | Reached XP level 7. HP: 41/41 MP: 12/14
  6037 | D:2      | Found a shadowy altar of Dithmenos.
  6196 | D:2      | Found an opulent altar of Gozag.
  6269 | D:2      | Found a faded altar of an unknown god.
  6269 | D:2      | Found a snail-covered altar of Cheibriados.
  6274 | D:2      | Found a basalt altar of Yredelemnul.
  6276 | D:2      | Found a radiant altar of Vehumet.
  6311 | D:2      | Killed Terence
  6358 | D:2      | Found a faded altar of an unknown god.
  6444 | D:5      | Entered Level 5 of the Dungeon
  6457 | D:5      | Reached skill level 5 in Spellcasting
  6521 | D:5      | Found a staircase to the Ecumenical Temple.
  6567 | D:5      | Reached XP level 8. HP: 9/44 MP: 8/16
  6755 | D:5      | Found a glowing drain.
  6759 | Sewer    | Entered a sewer
  7266 | D:5      | Reached skill level 1 in Fighting
  7266 | D:5      | Reached skill level 3 in Stealth
  7714 | D:4      | Reached skill level 4 in Stealth
  8379 | D:5      | Reached skill level 5 in Stealth
  8411 | D:5      | Found a blossoming altar of Fedhas.
  8413 | D:5      | Found an ancient bone altar of Kikubaaqudgha.
  8423 | D:5      | Found a transporter.
  8438 | D:5      | Found a transporter.
  8439 | D:5      | Noticed SpaceButler's ghost (novice TeSu)
  8711 | D:5      | Reached XP level 9. HP: 39/53 MP: 18/18
  9960 | D:6      | Found a shadowy altar of Dithmenos.
  9987 | D:6      | Reached skill level 6 in Stealth
 10476 | D:7      | Found a shattered altar of Ashenzari.
 10552 | D:7      | Found a glowing golden altar of the Shining One.
 11147 | D:7      | Found a hide-covered altar of Uskayaw.
 11294 | D:8      | Reached skill level 7 in Stealth
 11457 | D:8      | Found a blossoming altar of Fedhas.
 11459 | D:8      | Noticed an oklob plant
 11459 | D:8      | Noticed an oklob plant
 11559 | D:8      | Reached skill level 5 in Dodging
 12073 | D:6      | Reached XP level 10. HP: 54/63 MP: 21/21
 12091 | Temple   | Entered the Ecumenical Temple
 12558 | D:9      | Reached skill level 5 in Fighting
 12575 | D:9      | Reached skill level 8 in Stealth
 12670 | D:9      | Noticed a deep troll
 12742 | D:9      | Noticed a deep troll
 12784 | D:9      | Killed a deep troll
 12784 | D:9      | Reached skill level 9 in Stealth
 12857 | D:9      | Killed a deep troll
 12949 | D:9      | Reached skill level 10 in Stealth
 13026 | D:9      | Reached XP level 11. HP: 62/73 MP: 23/23
 13135 | D:9      | Found a staircase to the Lair.
 13155 | D:9      | Noticed Erolcha
 13164 | D:9      | Killed from afar by Erolcha

Illustrated notes

Levels and vault maps discovered:
D:1:      ebering_trefoil_twist, layout_basic
D:2:      layout_loops_ring, nicolae_overflow_crystal_walls,
          nicolae_gozag_cash_rules_everything_around_me,
          chequers_temple_overflow_minitemple, first_ration, grunt_ministairs_1,
          nicolae_dithmenos_shadow_blocks, uniq_terence
D:3:      layout_rooms, chequers_jeans, grunt_qazlal_clouds
D:4:      layout_basic
D:5:      layout_cave_pools, grunt_temple_overflow_growth_and_decay,
          minmay_temple_entry_proselytizer, gup_sewer_entry_spiral,
          gammafunk_ghost_mausoleum, minmay_fractal_squares_5
D:6:      layout_basic, old_standard_altar, serial_glass, glass_columns_a,
          glass_columns_b, minmay_checkerbox
D:7:      layout_cave_pools, minitemple, overflow_temple_1_default
D:8:      layout_loops_ring, serial_glass, glass_columns_a, glass_columns_c,
          hangedman_tree_tricks
D:9:      lemuel_troll_bridge, layout_long_grid, erik_lair_island, david_orc_2,
          uniq_erolcha
Temple:   minmay_temple_curvy_loop

Skill      XL: |  1  2  3  4  5  6  7  8  9 10 |
---------------+-------------------------------+-----
Ice Magic      | 5 6 7 8 |  8.0
Spellcasting   | 3 4 5 6 7 8 |  8.0
Fighting       | 2 4 7 |  7.4
Stealth        | 5 7 10 | 10.0
Dodging        | 3 5 7 |  7.7

Action                   |  1- 3 |  4- 6 |  7- 9 | 10-12 || total
-------------------------+-------+-------+-------+-------++-------
Melee: Unarmed           |    41 |       |       |       ||    41
       Constrict         |    12 |    13 |    53 |     2 ||    80
       Tentacles         |     5 |     6 |    36 |     5 ||    52
       Dagger            |    16 |    76 |   213 |    41 ||   346
       Hand axe          |       |       |    11 |       ||    11
Throw: Dart              |       |       |     5 |    12 ||    17
 Cast: Freeze            |    40 |    41 |       |       ||    81
       Frozen Ramparts   |       |       |    34 |    12 ||    46
Invok: Potion Petition   |       |       |       |     1 ||     1
  Use: Scroll            |       |    10 |     5 |     1 ||    16
       Potion            |       |     1 |       |       ||     1
 Stab: Sleeping          |     6 |     8 |    20 |     6 ||    40
       Distracted        |       |     1 |       |     2 ||     3
       Invisible         |       |       |       |     1 ||     1
  Eat: Ration            |     1 |     3 |     6 |     1 ||    11
       Chunk             |     1 |       |       |       ||     1
Armor: Skin              |     5 |    25 |     4 |       ||    34
Dodge: Dodged            |    52 |    44 |   159 |    53 ||   308
